 Dungeon Crawl Stone Soup version 0.32-a0-163-g159c032296 (webtiles) character file.

Game seed: 5467630908661075015

3693 Bravepunisher the Demolition Spriggan (level 9, 0/47 HPs)
             Began as a Spriggan Monk on Feb 11, 2024.
             Was an Elder of Makhleb.
             Killed from afar by an efreet (31 damage)
             ... with a fireball
             ... on level 8 of the Dungeon.
             The game lasted 00:22:27 (6413 turns).

Bravepunisher the Demolition Spriggan (SpMo)        Turns: 6413, Time: 00:22:27

Health: 0/47       AC:  4    Str:  7    XL:     9   Next: 90%
Magic:  18/18      EV: 20    Int: 11    God:    Makhleb [****..]
Gold:   416        SH:  0    Dex: 22    Spells: 8/8 levels left

rFire   . . .        a - +2 dagger (venom)
rCold   . . .        (no shield)
rNeg    . . .        g - +0 troll leather armour
rPois   .            (helmet restricted)
rElec   .            i - +0 cloak
rCorr   .            (gloves unavailable)
SInv    +            (boots unavailable)
Will    +....        m - amulet of regeneration
Stlth   ++           (no ring)
HPRegen 0.00/turn    (no ring)
MPRegen 0.16/turn

%: no passive effects
@: inhibited regen, very quick
A: very small, no large weapons, unfitting armour, see invisible, speed 3,
deterioration 1, inhibited regeneration, MP-powered wands
a: Renounce Religion, Minor Destruction, Lesser Servant of Makhleb, Major
Destruction


You were on level 8 of the Dungeon.
You worshipped Makhleb.
Makhleb was greatly pleased with you.
You visited 2 branches of the dungeon, and saw 9 of its levels.

You collected 442 gold pieces.
You spent 26 gold pieces at shops.

Inventory:

Hand Weapons
 a - a +2 dagger of venom (weapon)
Armour
 f - a +2 robe of willpower
 g - a +0 troll leather armour (worn)
 i - a +0 cloak (worn)
Jewellery
 m - an amulet of regeneration (around neck)
Wands
 d - a wand of polymorph (11)
 j - a wand of iceblast (2)
Scrolls
 e - a scroll of revelation
 k - a scroll of vulnerability {unknown}
 l - 2 scrolls of noise {unknown}
 p - 3 scrolls of teleportation
 q - a scroll of butterflies {unknown}
 r - a scroll of enchant weapon {unknown}
 t - a scroll of immolation {unknown}
 u - a scroll of torment {unknown}
 v - a scroll of fog
Potions
 b - a potion of berserk rage
 c - a potion of ambrosia
 h - 3 potions of degeneration
 n - 5 potions of curing
 o - 3 potions of might
 s - a potion of invisibility
 w - a potion of haste {unknown}


   Skills:
 + Level 5.2 Fighting
 - Level 3.2 Short Blades
 + Level 3.5 Armour
 - Level 5.9 Dodging
 * Level 11.6 Invocations


You had 8 spell levels left.
You didn't know any spells.
Your spell library contained the following spells:

 Spells                   Type           Power      Damage    Failure   Level
 Slow                     Hex            0%         N/A       45%         1
 Ensorcelled Hibernation  Hex/Ice        0%         N/A       61%         2
 Confusing Touch          Hex            0%         N/A       83%         3
 Gell's Gravitas          Tloc           0%         N/A       83%         3
 Passwall                 Erth           0%         N/A       83%         3
 Sigil of Binding         Hex            0%         N/A       83%         3
 Swiftness                Air            0%         N/A       83%         3
 Teleport Other           Tloc           0%         N/A       83%         3
 Vampiric Draining        Necr           0%         2d6       83%         3
 Manifold Assault         Tloc           0%         N/A       99%         4
 Summon Blazeheart Golem  Fire/Summ      0%         N/A       99%         4
 Alistair's Intoxication  Alch           0%         N/A       100%        5
 Borgnjor's Vile Clutch   Necr/Erth      0%         N/A       100%        5
 Dispersal                Tloc           0%         N/A       100%        6
 Eringya's Noxious Bog    Alch           0%         4d6       100%        6
 Orb of Destruction       Conj           0%         9d5       100%        7
 Spellforged Servitor     Conj/Summ      0%         N/A       100%        7
 Disjunction              Tloc           0%         N/A       100%        8


Dungeon Overview and Level Annotations

Branches:
Dungeon (8/15)             Temple (1/1) D:7
   Lair: D:8-11

Altars:
Ashenzari
Cheibriados
Dithmenos
Elyvilon
Gozag
Hepliaklqana
Kikubaaqudgha
Makhleb
Nemelex Xobeh
Okawaru
Qazlal
Ru
Trog
Uskayaw
Vehumet
Wu Jian
Xom
Yredelemnul
Zin
The Shining One

Shops:
D:6 ?


Innate Abilities, Weirdness & Mutations

You are very small and have problems with some larger weapons.
You are too small for most types of armour.
You have supernaturally acute eyesight. (SInv)
You cover ground extremely quickly. (Speed+++)
Your body sometimes deteriorates upon taking damage.
You do not regenerate when monsters are visible.
You expend magic power (3 MP) to strengthen your wands.


Message History

Press: ? - help, Shift-Dir - straight line, f - water moccasin
Aim: a water moccasin The glob of acid hits the water moccasin!
The acid corrodes the water moccasin!
The water moccasin is heavily wounded.
You hear a shout!
Aiming: Minor Destruction (0% risk of failure)
Press: ? - help, Shift-Dir - straight line, f/p - water moccasin
Aim: a water moccasin (heavily wounded, covered in acid)
The water moccasin writhes in agony.
Aiming: Minor Destruction (0% risk of failure)
Press: ? - help, Shift-Dir - straight line, f/p - water moccasin
Aim: a water moccasin (heavily wounded, covered in acid)
The puff of flame hits the water moccasin!
The water moccasin is almost dead.
The water moccasin bites you but does no damage.
Unknown command.
You hit the water moccasin.
You kill the water moccasin!
Makhleb accepts your kill.
You see here a water moccasin corpse.
An orc comes into view. It is wielding a +0 dagger.
Found an opulent altar of Gozag.
Aiming: Minor Destruction (0% risk of failure)
Press: ? - help, Shift-Dir - straight line, f - orc
Aim: an orc, wielding a +0 dagger and wearing a +0 leather armour (wandering, hasn't noticed you)
The zap hits the orc!
You kill the orc!
Makhleb accepts your kill.
Found a bubbling blue potion.
w - a bubbling blue potion
Things that are here:
a +0 dagger; a +0 leather armour The efreet gestures at you.
The bolt of fire hits you!
A demon appears!
The efreet gestures at you.
The fireball explodes!
The fireball engulfs you!!
Ouch! That really hurt!
You die...

######
#######.4..#
.....R.....#
####☼##@_..#
#....###
#..)...#
####.#.#
#####.#.#
......#†#
###...##.#
......#.#
#...##.#


You could see an efreet (ally target) and a friendly hellwing (summoned).

Vanquished Creatures
  A two-headed ogre (D:8)
  A troll (D:6)
  Prince Ribbit (D:5)
  Sigmund (D:2)
  A steam dragon (D:7)
  3 water moccasins
  2 orc warriors (D:7)
  A black bear (D:4)
  Blork the orc (D:6)
  A bullfrog (D:8)
  A gnoll sergeant (D:5)
  10 wights (D:7)
  4 killer bees (D:8)
  4 orc priests (D:7)
  5 hounds
  A bombardier beetle (D:5)
  A jelly (D:5)
  2 gnoll boudas
  Jessica (D:2)
  5 iguanas
  A sleepcap (D:7)
  2 orc wizards
  14 gnolls
  8 adders
  2 river rats (D:5)
  2 white imps (D:6)
  2 ufetubi (D:5)
  3 dart slugs
  4 ribbon worms
  11 orcs
  4 ball pythons
  4 endoplasms
  5 giant cockroaches
  4 goblins
  3 hobgoblins (D:2)
  10 kobolds
  6 quokkas
  4 bats
  4 frilled lizards
  7 rats
147 creatures vanquished.

Notes
Turn   | Place    | Note
-------+----------+-------------------------------------------
     0 | D:1      | Bravepunisher the Spriggan Monk began the quest for the
                  | Orb.
     0 | D:1      | Reached XP level 1. HP: 11/11 MP: 2/2
   245 | D:1      | Reached XP level 2. HP: 16/16 MP: 3/3
   384 | D:2      | Reached skill level 5 in Dodging
   414 | D:5      | Entered Level 5 of the Dungeon
   644 | D:6      | Reached XP level 3. HP: 13/20 MP: 4/4
   721 | D:6      | Noticed Blork the orc
  1011 | D:5      | Reached XP level 4. HP: 24/24 MP: 5/5
  1133 | D:5      | Noticed Prince Ribbit
  1321 | D:7      | Found a staircase to the Ecumenical Temple.
  1387 | Temple   | Entered the Ecumenical Temple
  1460 | Temple   | Became a worshipper of Makhleb the Destroyer
  1460 | Temple   | Reached * piety under Makhleb
  1460 | Temple   | Reached ** piety under Makhleb
  1717 | D:2      | Noticed Sigmund
  1726 | D:2      | Killed Sigmund
  1727 | D:2      | Reached skill level 3 in Invocations
  1727 | D:2      | Reached XP level 5. HP: 20/29 MP: 5/8
  2110 | D:1      | Reached XP level 6. HP: 32/33 MP: 9/9
  2617 | D:2      | Noticed Jessica
  2623 | D:2      | Killed Jessica
  2963 | D:3      | Found a snail-covered altar of Cheibriados.
  2963 | D:3      | Found a glowing golden altar of the Shining One.
  3265 | D:4      | Reached *** piety under Makhleb
  3266 | D:4      | Reached skill level 4 in Invocations
  3562 | D:4      | Found a broken altar of Ashenzari.
  3661 | D:5      | Reached XP level 7. HP: 35/37 MP: 11/11
  3668 | D:5      | Reached skill level 5 in Invocations
  3688 | D:5      | Killed Prince Ribbit
  3689 | D:5      | Reached skill level 6 in Invocations
  3851 | D:5      | Reached skill level 7 in Invocations
  4103 | D:5      | Reached XP level 8. HP: 22/42 MP: 14/14
  4761 | D:6      | Reached **** piety under Makhleb
  4762 | D:6      | Reached skill level 8 in Invocations
  4776 | D:6      | Found The Oracle's Delphic Readings.
  4782 | D:6      | Bought a scroll of identify for 26 gold pieces
  4783 | D:6      | Gained mutation: You do not regenerate when monsters are
                  | visible. [potion of mutation]
  4783 | D:6      | Gained mutation: You expend magic power (3 MP) to
                  | strengthen your wands. [potion of mutation]
  4783 | D:6      | Gained mutation: Your body sometimes deteriorates upon
                  | taking damage. [potion of mutation]
  4936 | D:6      | Noticed a troll
  4943 | D:6      | Killed a troll
  4944 | D:6      | Reached skill level 9 in Invocations
  5020 | D:6      | Killed Blork the orc
  5162 | D:7      | Reached skill level 1 in Armour
  5237 | D:7      | Reached skill level 10 in Invocations
  5359 | D:7      | Reached XP level 9. HP: 31/45 MP: 17/17
  6160 | D:8      | Reached skill level 11 in Invocations
  6162 | D:8      | Noticed a two-headed ogre
  6185 | D:8      | Killed a two-headed ogre
  6186 | D:8      | Reached skill level 5 in Fighting
  6394 | D:8      | Noticed an efreet
  6403 | D:8      | Found an opulent altar of Gozag.
  6413 | D:8      | Killed from afar by an efreet

Illustrated notes

Levels and vault maps discovered:
D:1:      dpeg_arrival_arbitrary_a, layout_loops_ring
D:2:      kennysheep_big_flooded_room, layout_basic, uniq_sigmund, uniq_jessica
D:3:      layout_rooms, chequers_temple_overflow_statue_of_worship,
          corexii_item_surrounded_by_moat
D:4:      layout_rooms, nicolae_ashenzari_skybound
D:5:      layout_loops_ring, lightli_sewer_entry_pipes, uniq_prince_ribbit1
D:6:      kb_forest_paths, layout_basic, nicolae_nh_oracle_at_delphi,
          uniq_blork_the_orc
D:7:      layout_loops_corners, minmay_temple_entry_offerings, bh_walls_and_bars
D:8:      layout_loops_corners, wad_floor_pattern_untrapped,
          hangedman_feature_mirror, uniq_maggie
Temple:   minmay_temple_bridge_d

Skill      XL: |  1  2  3  4  5  6  7  8  9 |
---------------+----------------------------+-----
Dodging        | 5 |  5.9
Fighting       | 3 4 5 |  5.2
Invocations    | 3 4 7 10 11 | 11.6
Armour         | 1 3 |  3.5
Short Blades   | |  3.2

Action                     |  1- 3 |  4- 6 |  7- 9 || total
---------------------------+-------+-------+-------++-------
  Melee: Short sword       |    91 |     7 |       ||    98
         Whip              |       |     5 |       ||     5
         Dagger            |       |     7 |    31 ||    38
 Invoke: Minor Destruction |       |    87 |   238 ||   325
         Lesser Servant of |       |       |     1 ||     1
  Evoke: Wand              |       |       |     1 ||     1
    Use: Scroll            |     1 |       |     7 ||     8
         Potion            |     1 |     1 |     1 ||     3
   Stab: Sleeping          |     3 |       |       ||     3
 Armour: Robe              |    25 |     9 |    13 ||    47
         Troll leather arm |       |       |    15 ||    15
  Dodge: Dodged            |    94 |    45 |    65 ||   204

Table legend: (Time is in decaauts)
 A = Elapsed time spent in this place.
 B = Non-inter-level travel time spent in this place.
 C = Inter-level travel time spent in this place.
 D = Time resting spent in this place.
 E = Time spent auto-exploring this place.
 F = Levels seen in this place.
 G = Mean time per level.
                   A        B        C        D        E       F      G
               +--------+--------+--------+--------+--------+-----+--------+
         Total |   4397 |   4189 |    208 |     66 |   2880 |   9 |  488.6 |
       Dungeon |   4309 |   4185 |    124 |     66 |   2880 |   8 |  538.6 |
        Temple |     88 |      5 |     83 |      0 |      0 |   1 |   88.0 |
               +--------+--------+--------+--------+--------+-----+--------+

Top non-repeatable levels by time:
     D:5: 947 daAuts
     D:6: 775 daAuts
     D:7: 750 daAuts
     D:2: 542 daAuts
     D:1: 525 daAuts
     D:4: 360 daAuts
     D:3: 215 daAuts
     D:8: 192 daAuts
  Temple: 88 daAuts
